 Dungeon Crawl Stone Soup version 0.31-a0-210-gccc998df9b (webtiles) character file.

Game seed: 16256955833681085030

10 qw the Shooter (level 2, -4/16 HPs)
             Began as a Gargoyle Hexslinger on June 29, 2023.
             Slain by Sigmund
             ... wielding a +0 scythe
              (9 damage)
             ... on level 2 of the Dungeon.
             The game lasted 00:00:10 (722 turns).

qw the Shooter (Gargoyle Hexslinger)                 Turns: 722, Time: 00:00:10

Health: -4/16      AC:  5    Str: 11    XL:     2   Next: 20%
Magic:  3/3        EV: 11    Int: 13    God:
Gold:   77         SH:  0    Dex: 12    Spells: 2/3 levels left

rFire   . . .        Y - +1 sling
rCold   . . .        (no shield)
rNeg    + . .        e - +0 leather armour
rPois   inf          (no helmet)
rElec   +            (no cloak)
rCorr   .            (no gloves)
SInv    .            (no boots)
Will    .....        (no amulet)
Stlth   +            (no ring)
HPRegen 0.22/turn    (no ring)
MPRegen 0.08/turn

%: no passive effects
@: confused, weak-willed
A: sickness immunity, AC +2, negative energy resistance 1, electricity
resistance, torment resistance 1, petrification resistance
a: no special abilities


You were on level 2 of the Dungeon.
You visited 1 branch of the dungeon, and saw 2 of its levels.

You collected 77 gold pieces.


Innate Abilities, Weirdness & Mutations

You are immune to sickness and miasma.
Your stone body is resilient. (AC +2)
You are immune to poison.
You resist negative energy. (rN+)
You are resistant to electric shocks. (rElec)
You are resistant to unholy torment.
You are immune to petrification.


   Skills:
 - Level 1.1 Fighting
 + Level 2.8 Ranged Weapons
 - Level 1.5 Dodging
 - Level 1.0 Spellcasting
 - Level 2.6 Hexes


You had 2 spell levels left.
You knew the following spells:

 Your Spells              Type           Power      Damage    Failure   Level
a - Slow                  Hex            28%        N/A       12%         1

Your spell library contained the following spells:

 Spells                   Type           Power      Damage    Failure   Level
 Inner Flame              Hex/Fire       4%         N/A       54%         3
 Portal Projectile        Hex/Tloc       8%         N/A       54%         3
 Cause Fear               Hex            3%         N/A       77%         4

Inventory:

Hand Weapons
 Y - a +1 sling (weapon)
Armour
 e - a +0 leather armour (worn)
Potions
 f - a potion of curing {unknown}
 g - a potion of degeneration {unknown}
 j - a potion of haste {unknown}

Dungeon Overview and Level Annotations

Branches:
Dungeon (2/15)

Altars:

Annotations:
D:2 Sigmund


Message History

693 ||| READING scroll labelled ERRIBB XACWYU.
As you read the scroll labelled ERRIBB XACWYU, it dissolves into smoke.
It was a scroll of fog.
Done exploring.
694 ||| READING scroll labelled ITEF TEULOUTOD.
As you read the scroll labelled ITEF TEULOUTOD, it crumbles to dust.
Magic quickly surges around you.
It was a scroll of vulnerability.
Done exploring.
695 ||| READING scroll labelled QOSTELLOFE.
As you read the scroll labelled QOSTELLOFE, it crumbles to dust.
The air around you briefly surges with heat, but it dissipates.
It was a scroll of immolation.
Done exploring.
696 ||| DROPPING scroll of poison.
You drop a scroll of poison.
Done exploring.
(D) Dungeon
Where to? (* - list waypoints, ? - help)
What level of the Dungeon? (default 1, ? - help)
You climb downwards.
There is a stone staircase leading up here.
Waypoint 1 assigned to D:2.
Sigmund the Dreaded comes into view.
He is wielding a +0 scythe and wearing a +1 robe of cold resistance.
Sigmund shouts!
You shoot a sling bullet. The sling bullet barely misses Sigmund.
Sigmund barely misses you.
You shoot a sling bullet.
The sling bullet closely misses Sigmund.
Sigmund hits you from afar with a +0 scythe.
You shoot a sling bullet.
The sling bullet closely misses Sigmund.
You shoot a sling bullet.
The sling bullet closely misses Sigmund.
Sigmund hits you from afar with a +0 scythe!
Ouch! That really hurt!
Sigmund points at you and mumbles some strange words.
You are confused.
Sigmund barely misses you.
Sigmund hits you from afar with a +0 scythe!
Ouch! That really hurt!
You die...

#..........
#.#####..........
#........########
#######..########
#..........
#<.########
#..######
#.......#
##@####.# #.# #@#
#........
######.##


You could see Sigmund.

Vanquished Creatures
  A goblin (D:1)
  A hobgoblin (D:1)
  4 jackals (D:1)
  A quokka (D:1)
  A rat (D:1)
8 creatures vanquished.

Notes
Turn   | Place    | Note
-------+----------+-------------------------------------------
     0 | D:1      | qw the Gargoyle Hexslinger began the quest for the Orb.
     0 | D:1      | Reached XP level 1. HP: 12/12 MP: 2/2
     0 | D:1      | 0 ||| qw: Version: 0.3-a-24-ga2abf7b
     0 | D:1      | 0 ||| qw: Game counter: 6921
     0 | D:1      | 0 ||| qw: Melee chars always use a shield: true
     0 | D:1      | 0 ||| qw: God list: Okawaru
     0 | D:1      | 0 ||| qw: Allow faded altars: false
     0 | D:1      | 0 ||| qw: Do Orc after clearing Dungeon:15 true
     0 | D:1      | 0 ||| qw: Do second Lair branch before Depths: true
     0 | D:1      | 0 ||| qw: Lair rune preference: random
     0 | D:1      | 0 ||| qw: Goals: Normal
     0 | D:1      | 0 ||| PLANNING D:1-11
   393 | D:1      | Reached XP level 2. HP: 10/16 MP: 3/3
   681 | D:1      | 681 ||| UPGRADING to +0 leather armour.
   691 | D:1      | 691 ||| DROPPING +0 robe.
   692 | D:1      | 692 ||| DROPPING scarf of invisibility.
   693 | D:1      | 693 ||| READING scroll labelled ERRIBB XACWYU.
   694 | D:1      | 694 ||| READING scroll labelled ITEF TEULOUTOD.
   695 | D:1      | 695 ||| READING scroll labelled QOSTELLOFE.
   696 | D:1      | 696 ||| DROPPING scroll of poison.
   713 | D:2      | Noticed Sigmund
   717 | D:2      | HP: 4/16 [Sigmund/+0 scythe (11)]
   722 | D:2      | Slain by Sigmund

Levels and vault maps discovered:
D:1:      nicolae_arrival_memento_mori, layout_basic
D:2:      layout_loops_ring, dilly_ecumenical_altar_fadedgnrine, uniq_sigmund

Action                     || total
---------------------------++-------
   Fire: Sling             ||    34
    Use: Scroll            ||     3
 Armour: Robe              ||    15
  Dodge: Dodged            ||    25

Table legend:
 A = Non-vault XP
 B = Vault XP
 C = Vault XP percentage of total XP
 D = Non-vault monster count
 E = Vault monster count
 F = Vault count percentage of total count
                 A         B        C        D         E       F
            +---------+---------+-------+---------+---------+-------
      Total |      15 |       0 |   0.0 |       8 |       0 |   0.0
            +---------+---------+-------+---------+---------+-------
        D:1 |      15 |       0 |   0.0 |       8 |       0 |   0.0
            +---------+---------+-------+---------+---------+-------
